 Dungeon Crawl Stone Soup version 0.18-a0-1745-gffa9a88 (webtiles) character file.

2787 Eucla the Gusty (level 9, -3/45 HPs)
             Began as a Gargoyle Air Elementalist on Apr 11, 2016.
             Was a Believer of Vehumet.
             Killed by nerve-wracking pain
             ... invoked by an orc priest
              (7 damage)
             ... on level 8 of the Dungeon.
             The game lasted 00:23:08 (7770 turns).

Eucla the Gusty (Gargoyle Air Elementalist)         Turns: 7770, Time: 00:23:09

Health: -3/45      AC: 15    Str: 13    XL:     9   Next: 70%
Magic:  3/18       EV: 12    Int: 20    God:    Vehumet [**....]
Gold:   595        SH:  4    Dex: 10    Spells: 3 memorised, 11 levels left

rFire  . . .     SeeInvis .     i - +0 mace (protect)
rCold  . . .     Gourm    .     a - +0 robe
rNeg   + . .     Faith    .     p - +0 buckler
rPois  ∞         Spirit   .     (no helmet)
rElec  +         Dismiss  .     v - +0 cloak
rCorr  +         Reflect  .     h - +1 pair of gloves
SustAt .         Harm     .     (no boots)
MR     .....                    d - amulet of magic regeneration
Stlth  ++........               q - ring of resist corrosion
                                y - +2 ring of strength

@: very slightly contaminated, not resistant to hostile enchantments, unstealthy
A: negative energy resistance 1, electricity resistance, unbreathing,
petrification resistance, rot immunity, AC +5
a: Renounce Religion


You were on level 8 of the Dungeon.
You worshipped Vehumet.
Vehumet was pleased with you.
You were very hungry.

You visited 2 branches of the dungeon, and saw 9 of its levels.

You collected 595 gold pieces.

Inventory:

Hand Weapons
 i - a +0 mace of protection (weapon)
Armour
 a - a +0 robe (worn)
 h - a +1 pair of gloves (worn)
 p - a +0 buckler (worn)
 t - a gold dragon hide
 v - a +0 cloak (worn)
Rods
 z - a +0 lightning rod (12/12)
   (You took it off an orc on level 4 of the Dungeon)
Jewellery
 d - an amulet of magic regeneration (around neck)
 k - an uncursed ring of positive energy
 q - a ring of resist corrosion (right hand)
 y - a +2 ring of strength (left hand)
Wands
 C - a wand of disintegration (14/24)
 E - a wand of confusion (24/48)
Scrolls
 e - 5 scrolls of identify {unknown}
 g - a scroll of recharging {unknown}
 j - a scroll of noise {unknown}
 m - 2 scrolls of fear {unknown}
 n - a scroll of teleportation
 o - a scroll of random uselessness {unknown}
 x - 2 scrolls of enchant weapon {unknown}
 G - a scroll of fog {unknown}
Potions
 l - a potion of heal wounds
 r - a potion of degeneration {unknown}
 w - 4 potions of curing {unknown}
 A - 3 potions of lignification {unknown}
 B - a potion of ambrosia {unknown}
 D - a potion of cure mutation {unknown}
 F - a potion of might {unknown}
Books
 b - a book of Air

   Spells                             Type                      Level
   a - Shock                          Conjuration/Air              1
   b - Swiftness                      Charms/Air                   2
   c - Repel Missiles                 Charms/Air                   2
   d - Static Discharge               Conjuration/Air              3
   e - Lightning Bolt                 Conjuration/Air              5
 s - a book of Ice

   Spells                             Type                      Level
   a - Ice Form                       Ice/Transmutation            4
   b - Metabolic Englaciation         Hexes/Ice                    5
   c - Ozocubu's Refrigeration        Ice                          6
   d - Bolt of Cold                   Conjuration/Ice              6
   e - Freezing Cloud                 Conjuration/Ice/Air          6
   f - Simulacrum                     Ice/Necromancy               6
Comestibles
 c - 6 bread rations
 f - 5 meat rations


   Skills:
 - Level 1.5 Dodging
 - Level 2.1 Stealth
 - Level 4.0 Shields
 + Level 6.0 Spellcasting
 + Level 6.9 Conjurations
 * Level 7.7 Air Magic


You had 11 spell levels left.
You knew the following spells:

 Your Spells              Type           Power        Failure   Level  Hunger
a - Shock                 Conj/Air       ####         1%          1    None
b - Static Discharge      Conj/Air       #####...     1%          3    ##.....
c - Lightning Bolt        Conj/Air       #####.....   17%         5    #####..


Dungeon Overview and Level Annotations

Branches:
Dungeon (8/15)             Temple (1/1) D:4
   Lair: D:8-11

Altars:
Ashenzari
Cheibriados
Dithmenos
Elyvilon
Fedhas
Gozag
Kikubaaqudgha
Makhleb
Nemelex Xobeh
Pakellas
Qazlal
Ru
Trog
Vehumet
Xom
Yredelemnul
Zin

Annotations:
D:7 Eucla's ghost, novice GrEE


Innate Abilities, Weirdness & Mutations

You are resistant to torment.
Your stone body is resilient (AC +5).
You are immune to poison.
You resist negative energy.
You are resistant to electric shocks.
You can survive without breathing.
You are immune to petrification.
You are immune to rotting.


Message History

Press: ? - help, Shift-Dir - straight line, f - jelly
Aim: a jelly You miscast Lightning Bolt.
You feel momentarily weightless.
You are feeling very hungry.
The orc priest hits you with a hand axe of distortion.
You feel strangely unstable.
Unknown command.
You barely miss the orc priest.
The orc priest is heavily wounded.
The orc priest hits you but does no damage.
You feel strangely stable.
Unknown command.
You hit the orc priest but do no damage.
The orc priest is heavily wounded.
The orc priest hits you but does no damage.
Space warps horribly around you!
* * * LOW HITPOINT WARNING * * *
The orc priest mumbles some strange prayers to Beogh against you.
Pain shoots through your body!
You die...

............#.#
.#.#####.##.#.####
.#.##............#
##.......####.##.#
# ##.......#
#.##.##.#
##.......#
#.......#
##.......#
####.#### .......
#.# #@# #o#


.Jo ##.## #.# ..# ### You could see a jelly, an orc priest and an orc.

Vanquished Creatures
  Pikel (D:6)
  Sigmund (D:4)
  A hungry ghost (D:7)
  An ice beast (D:8)
  A black bear (D:8)
  A phantom (D:5)
  A centaur (D:5)
  3 ogres
  A big kobold (D:8)
  2 giant frogs
  A scorpion (D:5)
  2 crimson imps
  5 hounds
  4 orc priests
  10 orc wizards
  2 iguanas
  5 hell rats (D:5)
  5 worker ants
  A hound zombie (D:5)
  A worker ant zombie (D:5)
  A gnoll (D:1)
  4 river rats (D:5)
  5 adders
  An ooze (D:4)
  2 worms
  3 dart slugs (D:1)
  3 giant geckos
  34 orcs
  A ball python (D:2)
  10 bats
  4 giant cockroaches
  6 goblins
  7 hobgoblins
  9 jackals
  17 kobolds
  3 quokkas
  28 rats
187 creatures vanquished.

Vanquished Creatures (others)
  A slave (D:6)
  A shadow imp (D:6)
  3 orcs (D:6)
5 creatures vanquished.

Grand Total: 192 creatures vanquished

Notes
Turn   | Place    | Note
--------------------------------------------------------------
     0 | D:1      | Eucla the Gargoyle Air Elementalist began the quest for the Orb.
     0 | D:1      | Reached XP level 1. HP: 10/10 MP: 3/3
    88 | D:1      | Reached XP level 2. HP: 15/15 MP: 0/5
   667 | D:1      | Reached XP level 3. HP: 19/19 MP: 1/6
   672 | D:1      | Learned a level 3 spell: Static Discharge
   855 | D:1      | Reached skill level 3 in Air Magic
  1519 | D:2      | Reached XP level 4. HP: 24/24 MP: 0/7
  2159 | D:3      | Found a faded altar to an unknown god.
  2999 | D:4      | Noticed Sigmund
  3025 | D:4      | Killed Sigmund
  3025 | D:4      | Reached skill level 4 in Air Magic
  3025 | D:4      | Reached XP level 5. HP: 20/28 MP: 0/10
  3025 | D:4      | Reached XP level 6. HP: 23/32 MP: 0/11
  3113 | D:4      | Found a sparkling altar of Nemelex Xobeh.
  4020 | D:4      | Reached XP level 7. HP: 26/36 MP: 4/12
  4025 | D:4      | Reached skill level 5 in Air Magic
  4278 | D:4      | Found a stormy altar of Qazlal.
  4280 | D:4      | Noticed a water elemental
  4280 | D:4      | Noticed an air elemental
  4280 | D:4      | Noticed a fire elemental
  4419 | D:4      | Found a burning altar of Makhleb.
  4419 | D:4      | Noticed a cacodemon
  4423 | D:4      | Noticed a smoke demon
  4423 | D:4      | Noticed a hellwing
  4582 | D:4      | Found a staircase to the Ecumenical Temple.
  4682 | Temple   | Entered the Ecumenical Temple
  4766 | Temple   | Became a worshipper of Vehumet
  4799 | D:5      | Entered Level 5 of the Dungeon
  5327 | D:5      | Reached XP level 8. HP: 34/41 MP: 4/14
  5436 | D:5      | Reached skill level 5 in Conjurations
  5574 | D:5      | Reached skill level 6 in Air Magic
  5851 | D:5      | Reached skill level 1 in Shields
  5851 | D:5      | Reached * piety under Vehumet
  5851 | D:5      | Offered knowledge of Sting by Vehumet.
  6145 | D:5      | Learned a level 5 spell: Lightning Bolt
  6233 | D:6      | Reached skill level 5 in Spellcasting
  6354 | D:6      | Found a snail-covered altar of Cheibriados.
  6357 | D:6      | Noticed Pikel
  6365 | D:6      | Killed Pikel
  6365 | D:6      | Reached skill level 7 in Air Magic
  6365 | D:6      | Reached XP level 9. HP: 45/45 MP: 1/17
  6773 | D:7      | Offered knowledge of Sandblast by Vehumet.
  6777 | D:6      | Reached ** piety under Vehumet
  6932 | D:7      | Found a shimmering altar of Xom.
  7107 | D:7      | Noticed Eucla's ghost (novice GrEE)
  7122 | D:7      | Found an opulent altar of Gozag.
  7770 | D:8      | Killed from afar by an orc priest

Vault maps used:
D:1:      onia_arrival_pentagram
D:3:      ecumenical_altar_1
D:4:      kennysheep_spiral_hall, nicolae_qazlal_style_of_elements,
          overflow_temple_1_default, makhleb_altar_promises_db, temple_green,
          first_bread, serial_park_tiny_pond, uniq_sigmund
D:5:      lemuel_ratsnest
D:6:      nicolae_overflow_crystal_walls, uniq_pikel
D:7:      old_standard_altar, gammafunk_temple_overflow_forgotten, basic_altar,
          nicolae_water_bricks, chei_slow_surprise
Temple:   circular_temple_12

Skill      XL: |  1  2  3  4  5  6  7  8  9 |
---------------+----------------------------+-----
Conjurations   | 2 3 4 6 |  6.9
Air Magic      | 3 4 5 7 |  7.7
Spellcasting   | 3 4 5 6 |  6.0
Shields        | 3 4 |  4.0
Dodging        | |  1.5
Stealth        | |  2.1

Action                   |  1- 3 |  4- 6 |  7- 9 || total
-------------------------+-------+-------+-------++-------
Melee: Unarmed           |    67 |       |       ||    67
       Mace              |     5 |    75 |   146 ||   226
 Cast: Shock             |    53 |    68 |   139 ||   260
       Static Discharge  |       |    19 |    59 ||    78
       Lightning Bolt    |       |       |     1 ||     1
  Use: Potion            |       |     4 |       ||     4
       Scroll            |       |     1 |     2 ||     3
 Stab: Sleeping          |       |     1 |     1 ||     2
       Distracted        |       |       |     1 ||     1
  Eat: Chunk             |     1 |     2 |     2 ||     5
       Meat ration       |     1 |     1 |       ||     2
       Fruit             |       |       |     6 ||     6
       Pizza             |       |       |     4 ||     4
       Beef jerky        |       |       |     3 ||     3
